 Dungeon Crawl Stone Soup version 0.28.0-45-g0d030f2227 (webtiles) character file.

Game seed: 17888280203212655721

3329 pkoi the Stinger (level 9, -13/73 HPs)
             Began as a Demigod Venom Mage on Apr 15, 2022.
             Killed from afar by a deep elf pyromancer (15 damage)
             ... with a bolt of fire
             ... on level 7 of the Dungeon.
             The game lasted 00:15:52 (12695 turns).

pkoi the Stinger (Demigod Venom Mage)              Turns: 12695, Time: 00:15:52

Health: -13/73     AC:  3    Str:  9    XL:     9   Next: 43%
Magic:  14/16      EV: 13    Int: 29    God:
Gold:   311        SH:  0    Dex: 14    Spells: 7/14 levels left

rFire   . . .      SeeInvis .   b - +5 dagger (elec)
rCold   . . .      Faith    .   (no shield)
rNeg    . . .      Spirit   .   a - +0 robe
rPois   .          Reflect  .   l - +0 helmet
rElec   .          Harm     .   (no cloak)
rCorr   .          Rampage  .   (no gloves)
Will    .....                   (no boots)
Stlth   +++.......              (no amulet)
HPRegen 0.22/turn               (no ring)
MPRegen 0.15/turn               (no ring)

@: about to teleport
A: high MP 1, forlorn, divine attributes
a: no special abilities


You were on level 7 of the Dungeon.
You visited 2 branches of the dungeon, and saw 8 of its levels.

You collected 311 gold pieces.

Inventory:

Hand Weapons
 b - a +5 dagger of electrocution (weapon)
 n - a +2 dagger of venom
 t - a +3 dagger
Missiles
 g - 9 poisoned darts
 v - 2 throwing nets
Armour
 a - a +0 robe (worn)
 l - a +0 helmet (worn)
Wands
 m - a wand of iceblast (1)
Scrolls
 c - a scroll of teleportation
 h - a scroll of magic mapping
 q - 3 scrolls of blinking {unknown}
 r - 3 scrolls of identify {unknown}
 s - a scroll of amnesia
 u - a scroll of fear {unknown}
Potions
 d - 2 potions of resistance {unknown}
 e - 3 potions of curing {unknown}
 f - a potion of invisibility {unknown}
 i - 3 potions of might {unknown}
 j - 2 potions of lignification {unknown}
 k - a potion of mutation {unknown}
 o - a potion of attraction {unknown}
 p - a potion of heal wounds {unknown}


   Skills:
 + Level 4.9 Fighting
 + Level 5.0 Short Blades
 - Level 3.0 Dodging
 + Level 5.9 Stealth
 - Level 3.0 Spellcasting
 - Level 3.0 Transmutations
 + Level 4.7 Air Magic
 + Level 6.2 Poison Magic


You had 7 spell levels left.
You knew the following spells:

 Your Spells              Type           Power      Damage    Failure   Level
a - Sting                 Tmut/Pois      100%       1d8       1%          1
b - Poisonous Vapours     Pois/Air       72%        N/A       1%          2
c - Olgreb's Toxic Radia  Pois           40%        N/A       6%          4

Your spell library contained the following spells:

 Spells                   Type           Power      Damage    Failure   Level
 Mephitic Cloud           Conj/Pois/Air  25%        N/A       5%          3


Dungeon Overview and Level Annotations

Branches:
Dungeon (7/15)             Temple (1/1) D:5

Shops:
D:1 (   D:2 :

Annotations:
D:3 2 transporters


Innate Abilities, Weirdness & Mutations

You have an increased reservoir of magic. (+10% MP)
You shall have no god before yourself.
Your divine heritage dramatically boosts your attributes as you level up.


Message History

The steam dragon breathes steam at you. The ball of steam hits you!
You hear a loud, deep croak!
You are engulfed in a cloud of scalding steam.
* * * LOW HITPOINT WARNING * * *
You are engulfed in a cloud of scalding steam.
* * * LOW HITPOINT WARNING * * *
You are engulfed in a cloud of scalding steam.
* * * LOW HITPOINT WARNING * * *
You open the gate.
A deep elf pyromancer comes into view. It is wielding a +0 dagger.
The deep elf pyromancer shouts!
Found a ring mail and 32 gold pieces.
The steam dragon breathes steam at you. The ball of steam hits you!
* * * LOW HITPOINT WARNING * * *
The deep elf pyromancer casts a spell at you.
The sticky flame hits you!
You are covered in liquid flames!
* * * LOW HITPOINT WARNING * * *
You hear a loud, deep croak!
There is an open gate here.
You are covered in liquid flames!
* * * LOW HITPOINT WARNING * * *
The deep elf pyromancer casts a spell at you.
The sticky flame misses you.
As you read the scroll of teleportation, it crumbles to dust.
You feel strangely unstable.
You are covered in liquid flames!
* * * LOW HITPOINT WARNING * * *
The steam dragon bites you.
* * * LOW HITPOINT WARNING * * *
The steam dragon claws you.
* * * LOW HITPOINT WARNING * * *
The steam dragon breathes steam at you. The ball of steam hits you!
* * * LOW HITPOINT WARNING * * *
The deep elf pyromancer casts a spell at you.
The bolt of fire hits you!
You die...

............?.....#
..D...#..8...8..#.#
.....
#..#...#..#... ....
#..#...#..#..## ...
#..#...#..#..# ..
#.§#...#..#..# .
#.D#...#..#..#
#§.#+++#..#
#@.e..[+ #..§...+
#..'$.$+ ########


You could see a deep elf pyromancer and a steam dragon (very poisoned, catching
breath).

Vanquished Creatures
  Pikel (D:5)
  Sigmund (D:4)
  Menkaure (D:4)
  Edmund (D:6)
  An orc warrior (D:7)
  2 sky beasts (D:6)
  A black bear (D:5)
  2 ogres (D:4)
  6 necrophages
  2 centaurs (D:6)
  A phantom (D:6)
  A bullfrog (D:7)
  A gnoll sergeant (D:6)
  A wyvern zombie (D:6)
  2 scorpions
  2 water moccasin zombies (D:6)
  2 wights (D:6)
  2 bullfrog zombies
  A hound (D:5)
  A centaur skeleton (D:4)
  A human zombie (D:6)
  3 orc priests
  A bullfrog skeleton (D:5)
  4 iguanas
  3 orc wizards
  A hound skeleton (D:4)
  A mummy (D:6)
  A howler monkey zombie (D:6)
  5 gnolls (D:6)
  6 adders
  2 shadow imps
  A white imp (D:5)
  2 worms (D:2)
  A dart slug (D:2)
  22 orcs
  12 ball pythons
  7 endoplasms
  2 giant cockroaches
  2 goblins
  7 hobgoblins
  3 jackals (D:3)
  2 quokkas
  11 bats
  3 frilled lizards
  9 kobolds
  5 rats
149 creatures vanquished.

Notes
Turn   | Place    | Note
-------+----------+-------------------------------------------
     0 | D:1      | pkoi the Demigod Venom Mage began the quest for the Orb.
     0 | D:1      | Reached XP level 1. HP: 14/14 MP: 5/5
   256 | D:1      | Reached skill level 3 in Poison Magic
   694 | D:1      | Reached skill level 1 in Transmutations
   696 | D:1      | Reached XP level 2. HP: 16/20 MP: 7/7
   967 | D:1      | Found Kaac's Antique Weapon Shop.
  1542 | D:2      | Found Orhuafra's Book Shoppe.
  1933 | D:1      | Reached XP level 3. HP: 18/27 MP: 4/8
  2871 | D:3      | Found a transporter.
  3113 | D:3      | Learned a level 2 spell: Poisonous Vapours
  3194 | D:3      | Reached XP level 4. HP: 19/34 MP: 4/9
  3202 | D:3      | Reached skill level 1 in Short Blades
  3614 | D:3      | Found a transporter.
  3623 | D:3      | Reached skill level 1 in Fighting
  3642 | D:3      | Reached XP level 5. HP: 4/40 MP: 1/10
  4724 | D:4      | Noticed an ogre
  4957 | D:4      | Noticed Menkaure
  4961 | D:4      | Killed Menkaure
  4962 | D:4      | Reached skill level 1 in Air Magic
  4962 | D:4      | Reached skill level 4 in Poison Magic
  4962 | D:4      | Reached XP level 6. HP: 14/47 MP: 8/11
  5184 | D:4      | Learned a level 4 spell: Olgreb's Toxic Radiance
  5594 | D:4      | You fall into a shaft and drop 2 floors!
  6464 | D:5      | Entered Level 5 of the Dungeon
  6486 | D:5      | Reached XP level 7. HP: 56/56 MP: 3/12
  7896 | D:4      | Noticed Sigmund
  7908 | D:4      | Killed Sigmund
  7909 | D:4      | Reached skill level 5 in Poison Magic
  7909 | D:4      | Reached XP level 8. HP: 44/63 MP: 8/13
  8674 | D:5      | Noticed Pikel
  8705 | D:5      | Killed Pikel
  8706 | D:5      | Reached skill level 5 in Stealth
  9599 | D:5      | Found a staircase to the Ecumenical Temple.
  9612 | Temple   | Entered the Ecumenical Temple
 10992 | D:6      | Reached XP level 9. HP: 72/72 MP: 15/15
 11504 | D:6      | Noticed Edmund
 11524 | D:6      | Killed Edmund
 11525 | D:6      | Reached skill level 6 in Poison Magic
 12671 | D:7      | Reached skill level 5 in Short Blades
 12691 | D:7      | Noticed a deep elf pyromancer
 12695 | D:7      | HP: 2/73 [steam dragon/ball of steam (8)]
 12695 | D:7      | Killed from afar by a deep elf pyromancer

Illustrated notes

Levels and vault maps discovered:
D:1:      wheals_arrival_linesprint, layout_basic, serial_shops, shop
D:2:      layout_rooms, serial_shops, nicolae_shop_trees,
          nicolae_ecumenical_oubliette
D:3:      gammafunk_wand_slinger, layout_loops_ring, serial_rivers,
          chequers_serial_rivers_micro_a, chequers_serial_rivers_small_a,
          chequers_serial_rivers_large_a, chequers_serial_rivers_room_a,
          chequers_serial_rivers_micro_d, chequers_serial_rivers_micro_a
D:4:      kennysheep_big_flooded_room, layout_loops_ring,
          chequers_temple_overflow_statue_of_worship, uniq_menkaure,
          uniq_sigmund
D:5:      layout_layer_cave, minmay_temple_entry_proselytizer, uniq_pikel
D:6:      layout_basic, lemuel_mausoleum_altar_yredelemnul,
          kennysheep_little_box, roderic_lattice_a, uniq_edmund
D:7:      layout_basic, guppyfry_early_elven_hall
Temple:   oiseaux_autumnal_temple

Skill      XL: |  1  2  3  4  5  6  7  8  9 |
---------------+----------------------------+-----
Poison Magic   | 3 4 5 6 |  6.2
Transmutations | 1 2 3 |  3.0
Stealth        | 2 3 4 5 |  5.9
Short Blades   | 1 2 3 4 5 |  5.0
Fighting       | 1 2 3 4 |  4.9
Air Magic      | 1 2 3 4 |  4.7
Dodging        | 2 3 |  3.0
Spellcasting   | 2 3 |  3.0

Action                   |  1- 3 |  4- 6 |  7- 9 || total
-------------------------+-------+-------+-------++-------
Melee: Dagger            |    35 |    29 |   161 ||   225
       Punch             |     1 |       |     3 ||     4
 Cast: Sting             |    88 |    59 |    32 ||   179
       Poisonous Vapours |       |     9 |    50 ||    59
       Olgreb's Toxic Ra |       |       |     4 ||     4
Evoke: Wand              |       |     3 |       ||     3
  Use: Scroll            |       |       |     7 ||     7
 Stab: Sleeping          |     2 |       |     6 ||     8
Armor: Robe              |    19 |     8 |    26 ||    53
Dodge: Dodged            |    54 |    33 |    95 ||   182
